 Dungeon Crawl Stone Soup version 0.28.0 (webtiles) character file.

Game seed: 10033636848949634174

65 Descartes the Grasshopper (level 4, 0/33 HPs)
             Began as a Formicid Warper on Feb 10, 2022.
             Killed by nerve-wracking pain
             ... invoked by an orc priest
              (10 damage)
             ... on level 3 of the Dungeon.
             The game lasted 00:03:01 (2303 turns).

Descartes the Grasshopper (Formicid Warper)         Turns: 2303, Time: 00:03:01

Health: 0/33       AC:  7    Str: 18    XL:     4   Next: 34%
Magic:  16/16      EV: 10    Int: 12    God:
Gold:   67         SH:  0    Dex: 10    Spells: 7/7 levels left

rFire   . . .      SeeInvis +   h - +2 dagger (venom)
rCold   . . .      Faith    .   (no shield)
rNeg    . . .      Spirit   .   o - +0 scale mail
rPois   .          Reflect  .   (helmet unavailable)
rElec   .          Harm     .   (no cloak)
rCorr   .          Rampage  .   (no gloves)
Will    .....                   d - +0 pair of boots
Stlth   ..........              m - amulet of magic regeneration
HPRegen 0.11/turn               k - ring of magical power
MPRegen 0.55/turn               (no ring)

@: no status effects
A: permanent stasis, dig shafts and tunnels, antennae 3, four strong arms
a: Dig, Shaft Self


You were on level 3 of the Dungeon.
You visited 1 branch of the dungeon, and saw 3 of its levels.

You collected 67 gold pieces.

Inventory:

Hand Weapons
 a - a +0 hand axe
 h - a +2 dagger of venom (weapon)
Missiles
 c - 5 boomerangs of dispersal (quivered)
 e - 54 stones
Armour
 b - a +0 leather armour
 d - a +0 pair of boots (worn)
 o - a +0 scale mail (worn)
Jewellery
 k - a ring of magical power (left hand)
 m - an amulet of magic regeneration (around neck)
 w - a +4 ring of protection
Wands
 q - a wand of acid (9)
Scrolls
 f - a scroll of identify {unknown}
 g - 3 scrolls of teleportation {unknown}
 i - 3 scrolls of fog {unknown}
 j - a scroll of enchant weapon {unknown}
 t - a scroll of magic mapping {unknown}
 v - a scroll of holy word {unknown}
Potions
 l - 2 potions of haste {unknown}
 n - a potion of mutation {unknown}
 p - a potion of brilliance {unknown}
 r - 2 potions of might {unknown}
 s - a potion of berserk rage {unknown}
 u - a potion of heal wounds {unknown}


   Skills:
 - Level 2.1 Fighting
 + Level 1.7 Short Blades
 - Level 2.1 Axes
 - Level 1.0 Throwing
 + Level 2.4 Armour
 + Level 1.8 Dodging
 - Level 2.1 Spellcasting
 + Level 3.3 Translocations


You had 7 spell levels left.
You didn't know any spells.
Your spell library contained the following spells:

 Spells                   Type           Power      Damage    Failure   Level
 Gell's Gravitas          Tloc           9%         N/A       54%         3
 Lesser Beckoning         Tloc           9%         N/A       54%         3
 Teleport Other           Tloc           9%         N/A       54%         3
 Manifold Assault         Tloc           9%         N/A       99%         5
 Blink                    Tloc           Unusable   N/A       N/A         2

Dungeon Overview and Level Annotations

Branches:
Dungeon (3/15)

Altars:


Innate Abilities, Weirdness & Mutations

You cannot be hasted, slowed, berserked, paralysed or teleported.
You can dig through walls and to a lower floor.
You have a pair of large antennae on your head. (SInv)
Your four strong arms can wield two-handed weapons with a shield.


Message History

You are too injured to fight recklessly!
You are too injured to fight recklessly!
You are too injured to fight recklessly!
You are too injured to fight recklessly!
You are too injured to fight recklessly!
You are too injured to fight recklessly!
You hit the orc.
You kill the orc!
You hit the orc priest.
The orc priest is poisoned.
The orc priest is lightly wounded.
The orc priest casts a cantrip, but nothing happens.
The orc priest closely misses you.
You hit the orc priest.
The orc priest is lightly wounded.
The orc priest hits you but does no damage.
You hit the orc priest but do no damage.
The orc priest is lightly wounded.
You hit the orc priest.
The orc priest looks as sick as possible!
The orc priest is moderately wounded.
The orc priest hits you but does no damage.
You hit the orc priest but do no damage.
The orc priest looks as sick as possible!
The orc priest is moderately wounded.
The orc priest looks satisfied for a moment.
The orc priest barely misses you.
You hit the orc priest but do no damage.
The orc priest looks as sick as possible!
The orc priest is heavily wounded.
The orc priest begins to cast a cantrip, but forgets the words!
The orc priest barely misses you.
You closely miss the orc priest.
The orc priest is heavily wounded.
The orc priest hits you but does no damage.
You hit the orc priest but do no damage.
The orc priest looks as sick as possible!
The orc priest is severely wounded.
The orc priest invokes the aid of Beogh against you.
Pain shoots through your body!
You die...

#.........##
.#####...#
###...####
#........+
#.###.#...####
#.........#
#####$...##
##...# ##@##
#o# #o# .o.
### {


You could see 2 orc priests and an orc.

Vanquished Creatures
  2 adders (D:2)
  3 dart slugs
  An orc (D:3)
  2 ball pythons (D:2)
  3 endoplasms
  2 giant cockroaches
  4 goblins
  6 hobgoblins
  7 kobolds
  4 bats (D:1)
  2 frilled lizards
  3 rats
39 creatures vanquished.

Notes
Turn   | Place    | Note
-------+----------+-------------------------------------------
     0 | D:1      | Descartes the Formicid Warper began the quest for the Orb.
     0 | D:1      | Reached XP level 1. HP: 16/16 MP: 3/3
   275 | D:1      | Reached XP level 2. HP: 21/22 MP: 5/5
   813 | D:1      | Reached skill level 3 in Translocations
  1014 | D:1      | Reached skill level 1 in Short Blades
  1111 | D:1      | Reached XP level 3. HP: 27/27 MP: 6/6
  2060 | D:2      | Reached XP level 4. HP: 33/33 MP: 7/7
  2303 | D:3      | Killed from afar by an orc priest

Illustrated notes

Levels and vault maps discovered:
D:1:      minmay_arrival_up_and_down, layout_basic
D:2:      layout_basic
D:3:      layout_loops_corners, uniq_crazy_yiuf_cottage, uniq_terence

Skill      XL: |  1  2  3 |
---------------+----------+-----
Translocations | 3 |  3.3
Short Blades   | 1 |  1.7
Armour         | 2 |  2.4
Fighting       | |  2.1
Axes           | |  2.1
Throwing       | |  1.0
Dodging        | |  1.8
Spellcasting   | |  2.1

Action                   |  1- 3 |  4- 6 || total
-------------------------+-------+-------++-------
Melee: Dagger            |   101 |    23 ||   124
       Hand axe          |     6 |       ||     6
Armor: Leather armour    |    23 |       ||    23
       Scale mail        |    18 |     6 ||    24
Dodge: Dodged            |    56 |    11 ||    67
